 Dungeon Crawl Stone Soup version 0.29-a0-841-g116ddc6ace (webtiles) character file.

Game seed: 14209702009450624414

87224 Monkooky the Gelid (level 15, 0/131 (139) HPs)
             Began as a Demigod Delver on July 13, 2022.
             Succumbed to a guardian serpent's bolt of poison
             ... in the Desolation of Salt on July 14, 2022.
             The game lasted 01:56:39 (27618 turns).

Monkooky the Gelid (Demigod Delver)                Turns: 27618, Time: 01:56:39

HP:   0/131 (139)   AC: 22    Str: 13    XL:     15   Next: 3%
MP:   12/32         EV: 13    Int: 33    God:
Gold: 2534          SH:  0    Dex: 19    Spells: 3/31 levels left

rFire   . . .      SeeInvis .   G - staff of cold
rCold   + . .      Faith    .   (no shield)
rNeg    . . .      Spirit   .   u - +5 ring mail "Obremaf" {rCorr Int+5}
rPois   .          Reflect  .   B - +0 helmet
rElec   .          Harm     .   Q - +2 cloak
rCorr   +          Rampage  .   C - +0 pair of gloves
Will    +....                   P - +2 pair of boots
Stlth   ++........              M - amulet of magic regeneration
HPRegen 0.31/turn               i - ring of wizardry
MPRegen 0.63/turn               p - +4 ring of protection

@: lethally poisoned (0 -> -4), very slightly contaminated, drained
A: high MP 1, forlorn, divine attributes
a: no special abilities


You were in the Desolation of Salt.
You visited 5 branches of the dungeon, and saw 24 of its levels.
You also visited: Sewer, Ossuary, Volcano and Desolation.

You collected 3235 gold pieces.
You spent 701 gold pieces at shops.

Inventory:

Hand Weapons
 V - a +6 scimitar of protection
Missiles
 a - 6 curare-tipped darts (quivered)
 H - 13 boomerangs
 N - 35 poisoned darts
Armour
 u - the +5 ring mail "Obremaf" (worn) {rCorr Int+5}
   (You found it on level 2 of the Dungeon)

   Int:       It affects your intelligence (+5).
   rCorr:     It protects you from acid and corrosion.
 B - a +0 helmet (worn)
 C - a +0 pair of gloves (worn)
 P - a +2 pair of boots (worn)
 Q - a +2 cloak (worn)
Magical Staves
 G - a staff of cold (weapon)
Jewellery
 i - a ring of wizardry (left hand)
 k - an amulet of guardian spirit
 p - a +4 ring of protection (right hand)
 v - a ring of see invisible
 A - a +4 ring of evasion
 E - a +6 ring of dexterity
 M - an amulet of magic regeneration (around neck)
 R - a ring of wizardry
Wands
 g - a wand of digging (3)
 j - a wand of paralysis (7)
 t - a wand of light (20)
 F - a wand of mindburst (11)
 K - a wand of roots (19)
 U - a wand of polymorph (6)
Scrolls
 c - 4 scrolls of fog
 d - a scroll of magic mapping
 e - 9 scrolls of fear
 l - 3 scrolls of summoning
 q - 4 scrolls of amnesia
 r - 3 scrolls of silence
 s - a scroll of vulnerability
 w - 3 scrolls of blinking
 y - 4 scrolls of immolation
 z - 11 scrolls of teleportation
 X - a scroll of poison
 Y - 3 scrolls of identify
Potions
 b - 4 potions of resistance
 f - 4 potions of haste
 h - 5 potions of brilliance
 m - 7 potions of lignification
 n - 12 potions of curing
 o - 3 potions of ambrosia
 x - 7 potions of mutation
 D - 9 potions of heal wounds
 I - 4 potions of flight
 J - a potion of cancellation
 O - 4 potions of might
 S - a potion of invisibility
 T - a potion of berserk rage
 Z - 2 potions of magic


   Skills:
 - Level 14.8 Fighting
 - Level 3.8 Long Blades
 - Level 3.0 Staves
 - Level 5.3 Dodging
 - Level 4.5 Stealth
 - Level 8.5 Spellcasting
 + Level 5.4 Conjurations
 - Level 4.0 Necromancy
 + Level 3.3 Transmutations
 - Level 16.0 Ice Magic
 - Level 4.8 Air Magic
 - Level 2.2 Earth Magic
 - Level 7.0 Evocations


You had 3 spell levels left.
You knew the following spells:

 Your Spells              Type           Power      Damage    Failure   Level
a - Ozocubu's Armour      Ice            100%       N/A       1%          3
b - Freezing Cloud        Conj/Ice/Air   41%        6-21      2%          5
c - Passwall              Tmut/Erth      26%        N/A       1%          2
d - Ozocubu's Refrigerat  Ice            55%        4d16      3%          7
e - Simulacrum            Ice/Necr       44%        N/A       8%          6
f - Irradiate             Conj/Tmut      21%        3d18      13%         5

Your spell library contained the following spells:

 Spells                   Type           Power      Damage    Failure   Level
 Sandblast                Erth           58%        2d13      1%          1
 Sting                    Tmut/Pois      100%       1d8       1%          1
 Poisonous Vapours        Pois/Air       60%        N/A       1%          2
 Sublimation of Blood     Necr           40%        N/A       1%          2
 Wereblood                Tmut           36%        N/A       1%          2
 Frozen Ramparts          Ice            100%       1d12      1%          3
 Stone Arrow              Conj/Erth      78%        3d11      1%          3
 Summon Guardian Golem    Hex/Summ       14%        N/A       9%          3
 Ice Form                 Ice/Tmut       86%        N/A       1%          4
 Summon Ice Beast         Ice/Summ       79%        N/A       1%          4
 Petrify                  Tmut/Erth      32%        N/A       9%          4
 Olgreb's Toxic Radiance  Pois           14%        N/A       28%         4
 Orb of Destruction       Conj           25%        9d9       92%         7
 Polar Vortex             Ice            55%        N/A       98%         9
 Malign Gateway           Summ/Tloc      7%         N/A       100%        7
 Spellforged Servitor     Conj/Summ      16%        N/A       100%        7
 Summon Hydra             Summ           7%         N/A       100%        7
 Summon Horrible Things   Summ           7%         N/A       100%        8


Dungeon Overview and Level Annotations

Branches:
Dungeon (14/15)              Lair (6/6) D:11          Swamp (0/4) Lair:2
  Snake (1/4) Lair:2        Slime (0/5) Lair:5          Orc (2/2) D:10
    Elf (1/3) Orc:2         Sewer (visited)         Ossuary (visited)
Volcano (visited)         Desolation (1/1)
 Temple: D:4-7       Vaults: D:13-14

Shops:
D:2 [   D:12 *   Orc:2 (:!:*[!(

Annotations:
D:5 Prince Ribbit
D:8 exclusion: 2 downstairs
D:11 1 runed translucent door, zhov's ghost, journeyman TeHu
D:12 exclusion: upstairs
D:13 exclusion: death knight


Innate Abilities, Weirdness & Mutations

You have an increased reservoir of magic. (+10% MP)
You shall have no god before yourself.
Your divine heritage dramatically boosts your attributes as you level up.


Message History

You writhe in agony!
* * * LOW HITPOINT WARNING * * *
Blink to where?
Press: ? - help, Dir - move target Your icy armour will break if you move.
Continue?
Your icy armour cracks and falls away as you move.
The roots lose their grip on something. x2
As you read the scroll of blinking, it crumbles to dust.
* * * LOW HITPOINT WARNING * * *
You feel very sick.
The peacekeeper roars a battlecry!
The peacekeeper goes into a battle-frenzy!
You cannot drink potions in your current state!
Okay, then.
Aiming: Bolt of Light
Press: ? - help, Shift-Dir - straight line, f - peacekeeper
Aim: a peacekeeper (moderately damaged, summoned, strong, 98% to hit)
Okay, then.
As you read the scroll of fog, it crumbles to dust.
The scroll dissolves into smoke.
* * * LOW HITPOINT WARNING * * *
You feel very sick.
The peacekeeper hurls a volley of spikes at you.
The volley of spikes hits you but does no damage.
* * * LOW HITPOINT WARNING * * *
You feel sick.
* * * LOW HITPOINT WARNING * * *
You feel sick.
Okay, then.
You cannot drink potions in your current state!
Okay, then.
Okay, then.
* * * LOW HITPOINT WARNING * * *
You feel sick.
A saltling comes into view.
* * * LOW HITPOINT WARNING * * *
You feel sick.
You cannot drink potions in your current state!
You can drink potions again.
You die...

##.............
.#.................
....................
......∩.∩........9..
....................
....................
....................
....................
..........##@.......
.............##..........
..........§§§§...........
..........§§§§..§§§§§...#
..........§§§§§§§§§§§..#.
§.........§9§§§§§§§§.....
§§§§.....#§9§§§§..§§.....
§§§.......§§§..§..§§.
§§§....9.......§§§§§.


You could see a saltling.

Vanquished Creatures
  An orc warlord (Orc:2)
  A ragged hierophant (Desolation)
  3 boulder beetles
  4 hydras
  2 catoblepae
  2 servants of whispers (Desolation)
  4 peacekeepers
  4 ogre magi (Orc:2)
  Erica (D:10)
  A centaur warrior (D:13)
  An anaconda (Snake:1)
  18 two-headed ogres
  3 dancing weapons (Elf:1)
  Nergalle (Lair:1)
  A deep elf knight (Elf:1)
  A fire crab (Lair:6)
  A deep elf archer (Volcano)
  An orc knight (Orc:1)
  A deep elf zephyrmancer (Elf:1)
  8 deep elf pyromancers
  3 oklob plants (Lair:3)
  3 orc sorcerers
  An ugly thing (D:12)
  A wolf spider (Lair:6)
  A cyclops (D:9)
  A guardian serpent (Lair:6)
  7 black mambas (Lair:6)
  2 gargoyles
  14 cane toads
  A rime drake (Lair:5)
  An efreet (D:13)
  12 komodo dragons
  7 trolls
  4 hornets
  3 polar bears
  13 saltlings (Desolation)
  9 slime creatures
  3 dream sheep (Lair:6)
  4 blink frogs (Lair:2)
  A shadow (D:12)
  An air elemental (Elf:1)
  2 wraiths
  8 wyverns
  6 basilisks
  27 yaks
  A steam dragon (D:6)
  A redback (Lair:6)
  3 vampire mosquitoes (D:12)
  2 fire elementals (Volcano)
  A swamp worm (Lair:2)
  3 nagas (Lair:2)
  6 wargs
  2 acid dragons (D:11)
  19 water moccasins
  7 hell hounds (Volcano)
  A floating eye (Lair:3)
  2 black bears
  2 ice beasts (D:6)
  11 orc warriors
  A sky beast (D:8)
  12 wolves
  22 ogres
  11 centaurs
  3 kobold brigands
  10 bullfrogs
  3 necrophages
  3 scorpions
  A gnoll sergeant (D:9)
  3 water moccasin zombies (Ossuary)
  10 wights
  7 killer bees
  4 howler monkeys
  A jelly (D:5)
  3 gnoll boudas
  13 orc priests
  A hound (D:4)
  2 iguanas (D:6)
  6 hell rats (Lair:6)
  20 orc wizards
  2 mummies (Ossuary)
  18 gnolls
  4 river rats
  6 adders
  A shadow imp (D:6)
  A white imp (D:6)
  3 adder zombies (Ossuary)
  3 worms (D:6)
  57 orcs
  9 ball pythons
  8 bats
  9 endoplasms
  2 giant cockroaches
  5 goblins
  5 hobgoblins
  24 kobolds
  2 quokkas
  2 frilled lizards
  A gnoll zombie (Ossuary)
  3 hobgoblin zombies (Ossuary)
  3 kobold zombies (Ossuary)
  3 orc zombies (Ossuary)
  19 rats
  2 bushes (Lair:3)
583 creatures vanquished.

Vanquished Creatures (collateral kills)
  2 hydras (Lair:6)
  4 deep elf pyromancers
  5 elephants (Lair:6)
  2 black mambas (Lair:6)
  3 cane toads
  3 komodo dragons (Lair:6)
  A rime drake (Lair:6)
  2 polar bears (Lair:5)
  A saltling (Desolation)
  4 dream sheep (Lair:6)
  A wyvern (Lair:6)
  2 fire elementals (Volcano)
  9 water moccasins (Lair:6)
  2 orc warriors (Orc:2)
  7 ogres (Orc:2)
  6 wolves (Lair:6)
  A bullfrog (Lair:5)
55 creatures vanquished.

Vanquished Creatures (others)
  A bush (D:9)
  22 fungi
  130 plants
153 creatures vanquished.

Grand Total: 791 creatures vanquished

Notes
Turn   | Place    | Note
-------+----------+-------------------------------------------
     0 | D:5      | Monkooky the Demigod Delver began the quest for the Orb.
     0 | D:5      | Reached XP level 1. HP: 18/18 MP: 3/3
    20 | D:5      | Noticed a jelly
   166 | D:4      | Noticed a hound
   175 | D:4      | Killed a hound
   176 | D:4      | Reached XP level 2. HP: 25/25 MP: 4/4
   226 | D:3      | Reached XP level 3. HP: 30/30 MP: 5/5
   646 | D:2      | Identified the +5 ring mail "Obremaf" {rCorr Int+5}
  1620 | D:2      | Found Jon Igog's Armour Shoppe.
  2066 | D:3      | Reached skill level 1 in Ice Magic
  2115 | D:3      | Reached XP level 4. HP: 36/37 MP: 6/6
  2409 | D:3      | Reached skill level 1 in Evocations
  2849 | D:4      | Learned a level 3 spell: Ozocubu's Armour
  2941 | D:4      | Reached XP level 5. HP: 32/42 MP: 3/8
  3058 | D:4      | Noticed a black bear
  3073 | D:4      | Killed a black bear
  3074 | D:4      | Reached skill level 1 in Spellcasting
  3074 | D:4      | Reached skill level 2 in Ice Magic
  3535 | D:4      | Reached skill level 3 in Ice Magic
  3535 | D:4      | Reached XP level 6. HP: 9/50 MP: 2/11
  4055 | D:5      | Reached skill level 4 in Ice Magic
  4336 | D:5      | Noticed Prince Ribbit
  4346 | D:6      | Noticed a water moccasin
  4360 | D:6      | Killed a water moccasin
  4361 | D:6      | Reached XP level 7. HP: 56/56 MP: 12/12
  4569 | D:6      | Noticed a steam dragon
  4627 | D:6      | Reached skill level 5 in Evocations
  4747 | D:6      | Reached skill level 1 in Staves
  4870 | D:6      | Found a glowing drain.
  4889 | Sewer    | Entered a sewer
  5883 | D:6      | Killed a steam dragon
  5884 | D:6      | Reached XP level 8. HP: 19/62 MP: 4/13
  6248 | D:6      | Reached skill level 5 in Ice Magic
  6270 | D:6      | Reached skill level 6 in Ice Magic
  6581 | D:6      | Learned a level 5 spell: Freezing Cloud
  6879 | D:7      | Reached skill level 7 in Ice Magic
  6927 | D:7      | Found a sand-covered staircase.
  6962 | D:7      | Reached skill level 1 in Conjurations
  6962 | D:7      | Reached skill level 1 in Air Magic
  6969 | D:7      | Learned a level 2 spell: Passwall
  7138 | Ossuary  | Entered an ossuary
  7366 | Ossuary  | Reached skill level 1 in Transmutations
  7366 | Ossuary  | Reached skill level 1 in Earth Magic
  7567 | D:7      | Noticed a hornet
  7580 | D:7      | Killed a hornet
  7581 | D:7      | Reached XP level 9. HP: 51/68 MP: 10/15
 10555 | D:9      | Noticed a two-headed ogre
 10560 | D:9      | Killed a two-headed ogre
 10561 | D:9      | Reached skill level 8 in Ice Magic
 10561 | D:9      | Reached XP level 10. HP: 39/74 MP: 4/16
 10562 | D:9      | Noticed a two-headed ogre
 10572 | D:9      | Killed a two-headed ogre
 10573 | D:9      | Reached skill level 9 in Ice Magic
 11028 | D:9      | Noticed a two-headed ogre
 11290 | D:9      | Killed a two-headed ogre
 11291 | D:9      | Reached skill level 10 in Ice Magic
 11506 | D:9      | Noticed a cyclops
 11511 | D:9      | Killed a cyclops
 12070 | D:10     | Entered Level 10 of the Dungeon
 12570 | D:10     | Found a staircase to the Orcish Mines.
 12710 | D:10     | Noticed Erica
 12723 | D:10     | Killed Erica
 12724 | D:10     | Reached XP level 11. HP: 75/81 MP: 4/20
 13340 | D:10     | Learned a level 7 spell: Ozocubu's Refrigeration
 13355 | D:11     | Noticed a boulder beetle
 13379 | D:11     | Killed a boulder beetle
 13380 | D:11     | Reached skill level 11 in Ice Magic
 13576 | D:11     | You fall into a shaft and drop 3 floors!
 13609 | D:14     | Identified the +8 trident "Taawoy" {vorpal, SInv}
 13659 | D:13     | Noticed an eight-headed hydra
 13675 | D:13     | Killed an eight-headed hydra
 13999 | D:12     | Noticed a two-headed ogre
 14035 | D:12     | Reached skill level 5 in Spellcasting
 14141 | D:12     | Killed a two-headed ogre
 14335 | D:12     | Found Abrotwaf's General Store.
 14341 | D:12     | Bought a potion of might for 52 gold pieces
 14341 | D:12     | Bought a scroll of teleportation for 39 gold pieces
 14873 | D:13     | Noticed a two-headed ogre
 14879 | D:13     | Killed a two-headed ogre
 14880 | D:13     | Reached skill level 5 in Dodging
 14948 | D:13     | Noticed a centaur warrior
 14956 | D:13     | Killed a centaur warrior
 15150 | D:13     | Noticed a death knight
 15700 | D:11     | Noticed a two-headed ogre
 15759 | D:11     | Reached skill level 12 in Ice Magic
 15818 | D:11     | Identified a scroll of acquirement
 15899 | D:11     | Reached skill level 5 in Fighting
 15909 | D:11     | Found a staircase to the Lair.
 16066 | D:11     | Found a runed translucent door.
 16072 | D:11     | Noticed zhov's ghost (journeyman TeHu)
 16230 | D:11     | Killed a two-headed ogre
 16231 | D:11     | Reached XP level 12. HP: 94/94 MP: 17/25
 16417 | Lair:1   | Entered Level 1 of the Lair of Beasts
 16830 | Lair:1   | Noticed Nergalle
 16838 | Lair:1   | Killed Nergalle
 17513 | Lair:2   | Noticed a seven-headed hydra
 17518 | Lair:2   | Killed a seven-headed hydra
 17561 | Lair:2   | Found a staircase to the Snake Pit.
 18071 | Lair:2   | Noticed an eight-headed hydra
 18074 | Lair:2   | Noticed a seven-headed hydra
 18084 | Lair:2   | Killed an eight-headed hydra
 18084 | Lair:2   | Killed a seven-headed hydra
 18277 | Lair:2   | Found a staircase to the Swamp.
 18502 | Lair:3   | Reached skill level 13 in Ice Magic
 20260 | Lair:4   | Learned a level 6 spell: Simulacrum
 20362 | Lair:4   | Reached skill level 1 in Necromancy
 20771 | Lair:5   | Noticed a catoblepas
 20786 | Lair:5   | Killed a catoblepas
 20787 | Lair:5   | Reached XP level 13. HP: 61/107 MP: 9/30
 21302 | Lair:5   | Identified the +3 ring mail "Carhirr" {rPois Str+4 Int-4}
 21323 | Lair:5   | Found a staircase to the Slime Pits.
 21483 | Lair:5   | Acquired 1091 gold pieces
 21550 | Lair:5   | Learned a level 5 spell: Irradiate
 21932 | Lair:6   | Entered Level 6 of the Lair of Beasts
 22083 | Lair:6   | Reached skill level 10 in Fighting
 23516 | Lair:6   | Reached XP level 14. HP: 119/133 MP: 28/31
 23983 | Orc:1    | Entered Level 1 of the Orcish Mines
 24421 | Orc:2    | Entered Level 2 of the Orcish Mines
 24454 | Orc:2    | Found Hehagun's Antique Weapon Boutique.
 24582 | Orc:2    | Found a dark tunnel.
 24588 | Volcano  | Entered a volcano
 24858 | Orc:2    | Found Jovullyrgh's Book Emporium.
 25029 | Orc:2    | Found Atsoemyo's Weapon Shoppe.
 25169 | Orc:2    | Noticed an orc warlord
 25184 | Orc:2    | Killed an orc warlord
 25437 | Orc:2    | Found a staircase to the Elven Halls.
 25460 | Orc:2    | Reached skill level 14 in Ice Magic
 25487 | Orc:2    | Reached skill level 15 in Ice Magic
 25778 | Orc:2    | Found Colax's Book Boutique.
 25778 | Orc:2    | Found Hesk's Antique Armour Emporium.
 25779 | Orc:2    | Found Wiguxt's Distillery.
 25779 | Orc:2    | Found Egeuniol's General Store.
 25788 | Orc:2    | Bought a faintly glowing ring mail for 261 gold pieces
 25788 | Orc:2    | Identified the +0 ring mail "Usuitwerphobb" {-Cast Harm
                  | Rampage Int-4} (You bought it in a shop on level 2 of the
                  | Orcish Mines)
 25788 | Orc:2    | Bought a bronze ring mail for 261 gold pieces
 25788 | Orc:2    | Identified the +0 ring mail of the Desolation of Salt
                  | {Rampage rElec rF- Str+6} (You bought it in a shop on level
                  | 2 of the Orcish Mines)
 25794 | Orc:2    | Bought a potion of magic for 88 gold pieces
 26096 | Orc:2    | Found Egatogar's Distillery.
 26331 | Snake:1  | Entered Level 1 of the Snake Pit
 26365 | Lair:2   | Upgraded the game from 0.29-a0-838-g385bb11a5b to
                  | 0.29-a0-841-g116ddc6ace
 26540 | Elf:1    | Entered Level 1 of the Elven Halls
 26850 | Elf:1    | Found a crumbling gateway.
 26876 | Desolati | Entered the Desolation of Salt
 27054 | Desolati | Reached skill level 16 in Ice Magic
 27362 | Desolati | Reached skill level 5 in Conjurations
 27439 | Desolati | Reached XP level 15. HP: 96/139 MP: 2/32
 27614 | Desolati | HP: 5/131 [poisoned by a guardian serpent (bolt of poison)]
 27616 | Desolati | HP: 1/131 [poisoned by a guardian serpent (bolt of poison)]
 27618 | Desolati | Succumbed to a guardian serpent's bolt of poison

Illustrated notes

Levels and vault maps discovered:
D:1:      evilmike_arrival_hilbert_curve, layout_rooms,
          dreamdust_ecumenical_altar_statues, minmay_hedge_maze
D:2:      layout_loops_ring, serial_shops, nicolae_shop_statue_plus
D:3:      layout_basic
D:4:      layout_loops_cross, minmay_small_thing
D:5:      layout_loops_ring, minmay_temple_entry_large_hall,
          minmay_misc_feat_doors, minmay_misc_feat_hallway, uniq_prince_ribbit1
D:6:      layout_basic, nicolae_wu_jian_wuxing_cycle,
          mainiacjoe_overflow_catwalk, lightli_sewer_entry_pipes
D:7:      layout_basic, nicolae_ossuary_entry_ruins, minmay_misc_feat_tower,
          uniq_joseph
D:8:      layout_basic, kennysheep_nondescript
D:9:      minmay_four_partial_circles, layout_long_grid,
          overflow_temple_1_default, kennysheep_boxes
D:10:     layout_irregular_city, lemuel_crystal_altar,
          nicolae_overflow_hallway_of_the_gods,
          mainiacjoe_overflow_tiny_flanked, orc_0_dummy,
          corexii_mini_fake_secret_closet, uniq_erica
D:11:     layout_rooms, lair_entry_dummy, ebering_ghost_reflecting_pool
D:12:     layout_basic, serial_shops, nicolae_stop_n_shop_2
D:13:     layout_long_grid, nemelex_lonely_heart_becter
D:14:     layout_irregular_city, david_vaults_2, chequers_garden,
          elyvilon_altar_1
Lair:1:   layout_cave_shapes, uniq_nergalle
Lair:2:   layout_regular_city, palyth_hydra_swamp_entry,
          minmay_snake_entry_guardpost_small
Lair:3:   layout_small_grid, st_stairs_10, disabler_island
Lair:4:   layout_cave_pods, minivault_27
Lair:5:   layout_roguey, slime_entry_1, cheibrodos_lair_lostbears,
          grunt_megastairs_1
Lair:6:   hangedman_lair_tendril_chambers, layout_regular_city,
          columned_hall_lemuel, infiniplex_staircase_pool_2
Snake:1:  layout_misc_corridors, serial_shops, shop, nicolae_shop_statue_plus,
          nicolae_shop_hallway_plus, shop, nicolae_shop_crystal,
          nicolae_snake_salamander_jacuzzi
Orc:1:    layout_diamond_mine, nicolae_orc_sculptors_studio
Orc:2:    st_orc_ogre_mass, layout_diamond_mine, serial_shops, shop,
          nicolae_lakefront_shop, shop, shop_statue, enter_volcano_1
Elf:1:    minmay_elf_arrival_plus, layout_loops_ring,
          portal_desolation_entry_twin_temple, evilmike_minifort,
          nicolae_elf_w_pinch
Desolation

Skill      XL: |  1  2  3  4  5  6  7  8  9 10 11 12 13 14 |
---------------+-------------------------------------------+-----
Long Blades    | 3 |  3.8
Ice Magic      | 1 3 4 7 8 10 12 13 16 | 16.0
Evocations     | 1 3 5 7 |  7.0
Spellcasting   | 1 2 3 6 8 |  8.5
Staves         | 3 |  3.0
Conjurations   | 1 4 5 |  5.4
Air Magic      | 1 4 |  4.8
Transmutations | 2 3 |  3.3
Earth Magic    | 2 |  2.2
Dodging        | 3 5 |  5.3
Fighting       | 5 8 14 | 14.8
Necromancy     | 2 4 |  4.0
Stealth        | |  4.5

Action                   |  1- 3 |  4- 6 |  7- 9 | 10-12 | 13-15 || total
-------------------------+-------+-------+-------+-------+-------++-------
Melee: Falchion          |    94 |   195 |   179 |       |       ||   468
       Punch             |       |     4 |    20 |     4 |     7 ||    35
       Staff             |       |       |   617 |   224 |   205 ||  1046
       Scimitar          |       |       |       |    99 |    16 ||   115
 Fire: Shortbow          |       |       |     2 |       |       ||     2
Throw: Boomerang         |       |    11 |    20 |       |     1 ||    32
       Dart              |       |       |       |    17 |     6 ||    23
 Cast: Ozocubu's Armour  |       |     2 |    26 |    36 |    19 ||    83
       Passwall          |       |       |     3 |     1 |       ||     4
       Freezing Cloud    |       |       |     1 |   107 |    63 ||   171
       Ozocubu's Refrige |       |       |       |     2 |    17 ||    19
       Simulacrum        |       |       |       |     1 |    21 ||    22
       Irradiate         |       |       |       |       |     9 ||     9
Evoke: Wand              |     1 |     7 |     3 |       |     6 ||    17
  Use: Scroll            |       |     5 |    16 |    11 |     8 ||    40
       Potion            |       |     1 |       |       |       ||     1
 Stab: Paralysed         |     4 |     9 |       |       |       ||    13
       Sleeping          |     7 |     6 |    10 |     2 |     2 ||    27
       Distracted        |       |       |     1 |       |       ||     1
Armor: Leather armour    |     4 |       |       |       |       ||     4
       Ring mail         |    49 |   132 |   551 |   260 |   170 ||  1162
Dodge: Dodged            |    62 |   142 |   533 |   254 |   186 ||  1177

Table legend: (Time is in decaauts)
 A = Elapsed time spent in this place.
 B = Non-inter-level travel time spent in this place.
 C = Inter-level travel time spent in this place.
 D = Time resting spent in this place.
 E = Time spent auto-exploring this place.
 F = Levels seen in this place.
 G = Mean time per level.
                   A        B        C        D        E       F      G
               +--------+--------+--------+--------+--------+-----+--------+
         Total |  27864 |  26584 |   1280 |   3036 |  16695 |  28 |  995.1 |
       Dungeon |  15763 |  14981 |    782 |   1499 |   9208 |  14 | 1125.9 |
          Lair |   7624 |   7232 |    392 |    336 |   5733 |   6 | 1270.7 |
     Snake Pit |     32 |     32 |      0 |      0 |     16 |   1 |   32.0 |
  Orcish Mines |   2179 |   2075 |    104 |    472 |   1158 |   2 | 1089.5 |
   Elven Halls |    121 |    121 |      0 |     10 |      0 |   1 |  121.0 |
         Sewer |    847 |    847 |      0 |     39 |    524 |   1 |  847.0 |
       Ossuary |    344 |    344 |      0 |     86 |      0 |   1 |  344.0 |
       Volcano |    208 |    208 |      0 |     37 |     56 |   1 |  208.0 |
    Desolation |    744 |    744 |      0 |    557 |      0 |   1 |  744.0 |
               +--------+--------+--------+--------+--------+-----+--------+

Top non-repeatable levels by time:
     D:8: 2066 daAuts
  Lair:6: 1892 daAuts
   Orc:2: 1830 daAuts
     D:6: 1746 daAuts
     D:9: 1673 daAuts
    D:10: 1462 daAuts
     D:7: 1395 daAuts
  Lair:2: 1373 daAuts
     D:3: 1319 daAuts
     D:4: 1295 daAuts
  Lair:3: 1204 daAuts
  Lair:5: 1178 daAuts
    D:13: 1163 daAuts
  Lair:4: 1153 daAuts
    D:12: 958 daAuts
